 Dungeon Crawl Stone Soup version 0.22.0-49-gab54619674 (webtiles) character file.

135 JedernureinKreuz the Conjurer (level 5, -7/37 HPs)
             Began as a Gnoll Conjurer on Sept 8, 2018.
             Mangled by Zarkath's ghost (14 damage)
             ... on level 3 of the Dungeon.
             The game lasted 00:17:27 (2505 turns).

JedernureinKreuz the Conjurer (Gnoll Conjurer)      Turns: 2505, Time: 00:17:28

Health: -7/37      AC:  3    Str: 11    XL:     5   Next: 18%
Magic:  12/21      EV: 14    Int: 18    God:
Gold:   119        SH:  0    Dex: 15    Spells: 2/14 levels left

rFire    . . .     SeeInvis .   a - +0 dagger
rCold    . . .     Gourm    .   (no shield)
rNeg     . . .     Faith    .   g - +0 leather armour (curse)
rPois    .         Spirit   .   (no helmet)
rElec    .         Reflect  .   (no cloak)
rCorr    .         Harm     .   (no gloves)
MR       .....                  (no boots)
Stlth    +++.......             (no amulet)
HPRegen  0.12/turn              A - ring of magical power
MPRegen  0.17/turn              (no ring)

@: very slightly contaminated
A: distributed training, fangs 1, strong nose
a: no special abilities


You were on level 3 of the Dungeon.
You were not hungry.

You visited 1 branch of the dungeon, and saw 3 of its levels.

You collected 119 gold pieces.

Inventory:

Hand Weapons
 a - a +0 dagger (weapon)
 b - a +0 hunting sling
 s - a +0 short sword
 t - a cursed +0 short sword
 u - a +3 dagger
 v - a +0 quarterstaff
Missiles
 e - 94 stones
 p - 22 poisoned needles
 q - 6 tomahawks (quivered)
 B - 15 arrows
Armour
 g - a cursed +0 leather armour (worn)
 o - a +0 robe
Jewellery
 A - a ring of magical power (left hand)
Scrolls
 d - 2 scrolls of enchant weapon {unknown}
 j - 2 scrolls of identify {unknown}
 n - 2 scrolls of remove curse {unknown}
 w - a scroll of fear {unknown}
 y - a scroll of magic mapping {unknown}
Potions
 f - a potion of brilliance {unknown}
 h - 2 potions of flight {unknown}
 i - a potion of lignification {unknown}
 k - a potion of ambrosia {unknown}
 l - 3 potions of curing {unknown}
 m - a potion of cancellation {unknown}
 r - a potion of haste {unknown}
 z - a potion of resistance {unknown}
Comestibles
 c - 8 rations
 x - a chunk of flesh


   Skills:
 + Level 1.3 Fighting
 + Level 1.3 Short Blades
 + Level 1.3 Long Blades
 + Level 1.3 Axes
 + Level 1.3 Maces & Flails
 + Level 1.3 Polearms
 + Level 1.3 Staves
 + Level 1.3 Slings
 + Level 1.3 Bows
 + Level 1.3 Crossbows
 + Level 1.3 Throwing
 + Level 1.3 Armour
 + Level 4.7 Dodging
 + Level 4.3 Stealth
 + Level 1.3 Shields
 + Level 1.3 Unarmed Combat
 + Level 5.1 Spellcasting
 + Level 7.1 Conjurations
 + Level 1.1 Hexes
 + Level 1.1 Charms
 + Level 1.1 Summonings
 + Level 1.1 Necromancy
 + Level 1.1 Translocations
 + Level 1.1 Transmutations
 + Level 1.1 Fire Magic
 + Level 1.1 Ice Magic
 + Level 1.1 Air Magic
 + Level 1.1 Earth Magic
 + Level 1.1 Poison Magic
 + Level 1.5 Invocations
 + Level 1.3 Evocations


You had 2 spell levels left.
You knew the following spells:

 Your Spells              Type           Power        Failure   Level  Hunger
a - Magic Dart            Conj           ####         1%          1    None
b - Dazzling Spray        Conj/Hex       ###...       10%         3    ##.....
c - Regeneration          Chrm/Necr      #.........   32%         3    ##.....
d - Infusion              Chrm           #...         11%         1    None
e - Iskenderun's Mystic   Conj           ####....     9%          4    ####...

Your spell library contained the following spells:

 Spells                   Type           Power        Failure   Level  Hunger
 Searing Ray              Conj           ####..       1%          2    #......
 Shroud of Golubria       Chrm/Tloc      #.........   17%         2    #......
 Song of Slaying          Chrm           #.......     17%         2    #......
 Force Lance              Conj/Tloc      ###.....     30%         4    ####...
 Fulminant Prism          Conj/Hex       ###.......   30%         4    ####...
 Spectral Weapon          Hex/Chrm       #.......     32%         3    ##.....


Dungeon Overview and Level Annotations

Branches:
Dungeon (3/15)

Altars:
Cheibriados

Annotations:
D:3 Zarkath's ghost, amateur DDFi


Innate Abilities, Weirdness & Mutations

Your experience applies equally to all skills.
You have very sharp teeth.
Your uncanny sense of smell can sniff out nearby items.


Message History

You are electrocuted!
Casting: Dazzling Spray (safe; 10% risk of failure)
Confirm with . or Enter, or press ? or * to list all spells.
Aiming: Dazzling Spray (safe; 10% risk of failure)
Press: ? - help, Shift-Dir - straight line, f/p - Zarkath's ghost
Aim: Zarkath's ghost, wielding a weapon of electrocution (lightly damaged)
The spray of energy misses Zarkath's ghost.
Zarkath's ghost hits you.
You are electrocuted!
* * * LOW HITPOINT WARNING * * *
Casting: Dazzling Spray (safe; 10% risk of failure)
Confirm with . or Enter, or press ? or * to list all spells.
Aiming: Dazzling Spray (safe; 10% risk of failure)
Press: ? - help, Shift-Dir - straight line, f/p - Zarkath's ghost
Aim: Zarkath's ghost, wielding a weapon of electrocution (lightly damaged)
You miscast Dazzling Spray.
You are very lightly contaminated with residual magic.
Nothing appears to happen.
Zarkath's ghost hits you.
* * * LOW HITPOINT WARNING * * *
You are electrocuted!
You die...

...........##.# #.#
.#+##......##.# #.#
#....).##.# #####.#
##############.....#
######.#(..(.####..#
+......#...(.#.....#
######.'.(..?####.####
+......'....(#........
#####@W'..♣..####.####
#..#(...(# #.#
#..#.....# #.#
#.######## #.# #.# #.#
#.# #.# #.# #.# #.# ∆
#.# #.# #.#


You could see Zarkath's ghost.

Vanquished Creatures
  5 adders (D:2)
  An ooze (D:2)
  2 worms
  4 dart slugs
  A leopard gecko (D:2)
  An orc (D:2)
  8 giant cockroaches
  6 hobgoblins
  7 jackals
  A quokka (D:2)
  5 bats
  2 frilled lizards
  12 goblins
  6 kobolds
  6 rats
67 creatures vanquished.

Vanquished Creatures (others)
  A giant cockroach (D:3)
  A jackal (D:3)
2 creatures vanquished.

Grand Total: 69 creatures vanquished

Notes
Turn   | Place    | Note
-------+----------+-------------------------------------------
     0 | D:1      | JedernureinKreuz the Gnoll Conjurer began the quest for the
                  | Orb.
     0 | D:1      | Reached XP level 1. HP: 13/13 MP: 6/6
    64 | D:1      | Reached XP level 2. HP: 9/19 MP: 0/7
   695 | D:1      | Reached XP level 3. HP: 25/25 MP: 6/9
   755 | D:2      | Reached skill level 5 in Spellcasting
   860 | D:2      | Reached skill level 1 in Invocations
   906 | D:2      | Noticed an orc warrior
  1181 | D:2      | Reached skill level 1 in Fighting
  1181 | D:2      | Reached skill level 1 in Short Blades
  1181 | D:2      | Reached skill level 1 in Long Blades
  1181 | D:2      | Reached skill level 1 in Axes
  1181 | D:2      | Reached skill level 1 in Maces & Flails
  1181 | D:2      | Reached skill level 1 in Polearms
  1181 | D:2      | Reached skill level 1 in Staves
  1181 | D:2      | Reached skill level 1 in Slings
  1181 | D:2      | Reached skill level 1 in Bows
  1181 | D:2      | Reached skill level 1 in Crossbows
  1181 | D:2      | Reached skill level 1 in Throwing
  1181 | D:2      | Reached skill level 1 in Armour
  1181 | D:2      | Reached skill level 1 in Shields
  1181 | D:2      | Reached skill level 1 in Unarmed Combat
  1181 | D:2      | Reached skill level 1 in Evocations
  1187 | D:2      | Reached XP level 4. HP: 24/32 MP: 8/11
  1297 | D:2      | Learned a level 3 spell: Dazzling Spray
  1415 | D:2      | Learned a level 3 spell: Regeneration
  1489 | D:2      | Learned a level 1 spell: Infusion
  1738 | D:2      | Learned a level 4 spell: Iskenderun's Mystic Blast
  1767 | D:2      | Reached skill level 1 in Hexes
  1767 | D:2      | Reached skill level 1 in Charms
  1767 | D:2      | Reached skill level 1 in Summonings
  1767 | D:2      | Reached skill level 1 in Necromancy
  1767 | D:2      | Reached skill level 1 in Translocations
  1767 | D:2      | Reached skill level 1 in Transmutations
  1767 | D:2      | Reached skill level 1 in Fire Magic
  1767 | D:2      | Reached skill level 1 in Ice Magic
  1767 | D:2      | Reached skill level 1 in Air Magic
  1767 | D:2      | Reached skill level 1 in Earth Magic
  1767 | D:2      | Reached skill level 1 in Poison Magic
  1813 | D:3      | Found a snail-covered altar of Cheibriados.
  1917 | D:2      | Reached XP level 5. HP: 18/37 MP: 1/12
  2444 | D:3      | Found a runed gate.
  2445 | D:3      | Found a runed gate.
  2445 | D:3      | Found a runed gate.
  2449 | D:3      | Noticed Zarkath's ghost (amateur DDFi)
  2505 | D:3      | Mangled by Zarkath's ghost

Skill      XL: |  1  2  3  4 |
---------------+-------------+-----
Spellcasting   | 5 |  5.1
Invocations    | 1 |  1.5
Fighting       | 1 |  1.3
Short Blades   | 1 |  1.3
Long Blades    | 1 |  1.3
Axes           | 1 |  1.3
Maces & Flails | 1 |  1.3
Polearms       | 1 |  1.3
Staves         | 1 |  1.3
Slings         | 1 |  1.3
Bows           | 1 |  1.3
Crossbows      | 1 |  1.3
Throwing       | 1 |  1.3
Armour         | 1 |  1.3
Shields        | 1 |  1.3
Unarmed Combat | 1 |  1.3
Evocations     | 1 |  1.3
Hexes          | 1 |  1.1
Charms         | 1 |  1.1
Summonings     | 1 |  1.1
Necromancy     | 1 |  1.1
Translocations | 1 |  1.1
Transmutations | 1 |  1.1
Fire Magic     | 1 |  1.1
Ice Magic      | 1 |  1.1
Air Magic      | 1 |  1.1
Earth Magic    | 1 |  1.1
Poison Magic   | 1 |  1.1
Dodging        | |  4.7
Stealth        | |  4.3
Conjurations   | |  7.1

Action                   |  1- 3 |  4- 6 || total
-------------------------+-------+-------++-------
Melee: Dagger            |     9 |    69 ||    78
       Bite              |     1 |     5 ||     6
       Unarmed           |     1 |       ||     1
       Punch             |       |     1 ||     1
 Fire: Hunting sling     |    16 |       ||    16
Throw: Tomahawk          |       |     2 ||     2
 Cast: Magic Dart        |    52 |    35 ||    87
       Iskenderun's Myst |       |     6 ||     6
       Dazzling Spray    |       |     2 ||     2
 Stab: Sleeping          |       |     2 ||     2
  Eat: Chunk             |     1 |     5 ||     6
Armor: Robe              |     7 |     3 ||    10
       Leather armour    |       |    24 ||    24
Dodge: Dodged            |    16 |    95 ||   111
